 Dungeon Crawl Stone Soup version 0.29-a0-598-gd8304a5bf4 (webtiles) character file.

Game seed: 12422894880635096094

5967 avis the Archer (level 10, -7/81 HPs)
             Began as a Demigod Hunter on June 15, 2022.
             Killed by vampiric draining
             ... invoked by a vampire
              (16 damage)
             ... on level 10 of the Dungeon on June 16, 2022.
             The game lasted 01:05:33 (11612 turns).

avis the Archer (Demigod Hunter)                   Turns: 11612, Time: 01:05:34

Health: -7/81      AC: 11    Str: 18    XL:     10   Next: 30%
Magic:  14/14      EV: 14    Int: 17    God:
Gold:   175        SH:  0    Dex: 29    Spells: 6/11 levels left

rFire   . . .      SeeInvis .   w - +1 falchion (holy)
rCold   . . .      Faith    .   (no shield)
rNeg    . . .      Spirit   .   l - +1 steam dragon scales
rPois   .          Reflect  .   L - +1 helmet
rElec   .          Harm     .   q - scarf {+Inv}
rCorr   .          Rampage  .   v - +1 pair of gloves
Will    +....                   i - +0 pair of boots
Stlth   +++.......              (no amulet)
HPRegen 0.23/turn               N - +6 ring of strength
MPRegen 0.14/turn               y - +6 ring of intelligence

@: hasted, very quick
A: high MP 1, forlorn, divine attributes
a: Evoke Invisibility


You were on level 10 of the Dungeon.
You visited 2 branches of the dungeon, and saw 11 of its levels.

You collected 565 gold pieces.
You spent 390 gold pieces at shops.

Inventory:

Hand Weapons
 a - a +2 shortbow
 b - a +4 flail
 c - a +2 short sword of flaming
 d - a +2 whip of venom
 w - a +1 falchion of holy wrath (weapon)
 F - a +0 fustibalus
 G - a +0 flail of protection
 H - a +1 dagger of speed
 R - a +2 long sword of draining
Missiles
 h - 5 silver javelins
 k - 52 poisoned darts (quivered)
 u - 8 boomerangs
 O - 2 curare-tipped darts
Armour
 i - a +0 pair of boots (worn)
 l - +1 steam dragon scales (worn)
 q - a scarf of invisibility (worn)
 v - a +1 pair of gloves (worn)
 C - a scarf of shadows
 I - +0 acid dragon scales
 L - a +1 helmet (worn)
Jewellery
 f - a ring of fire
 y - a +6 ring of intelligence (right hand)
 N - a +6 ring of strength (left hand)
 P - a ring of willpower
Wands
 p - a wand of flame (22)
 r - a wand of mindburst (19)
 E - a wand of iceblast (10)
 K - a wand of quicksilver (4)
Scrolls
 j - a scroll of fog
 o - a scroll of fear
 A - 2 scrolls of poison
 B - a scroll of immolation
 D - 2 scrolls of identify
 M - a scroll of teleportation {unknown}
 Q - a scroll of silence {unknown}
Potions
 e - a potion of brilliance
 g - a potion of cancellation
 m - a potion of might
 s - 2 potions of resistance
 t - a potion of ambrosia
 x - a potion of magic
 z - a potion of haste
 J - 2 potions of curing


   Skills:
 - Level 5.0 Fighting
 * Level 13.0 Bows
 - Level 3.0 Dodging
 - Level 3.0 Stealth
 - Level 1.0 Spellcasting
 - Level 2.0 Transmutations
 - Level 3.0 Air Magic
 + Level 1.4 Evocations


You had 6 spell levels left.
You knew the following spells:

 Your Spells              Type           Power      Damage    Failure   Level
e - Wereblood             Tmut           7%         N/A       14%         2
f - Swiftness             Air            11%        N/A       19%         3

Your spell library contained the following spells:

 Spells                   Type           Power      Damage    Failure   Level
 Shock                    Conj/Air       20%        1d4       12%         1
 Apportation              Tloc           0%         N/A       22%         1
 Necrotize                Necr           0%         1d4       22%         1
 Summon Small Mammal      Summ           0%         N/A       22%         1
 Sublimation of Blood     Necr           0%         N/A       32%         2
 Airstrike                Air            5%         N/A       52%         4
 Portal Projectile        Hex/Tloc       0%         N/A       54%         3
 Tukima's Dance           Hex            0%         N/A       54%         3
 Animate Dead             Necr           0%         N/A       91%         4
 Blade Hands              Tmut           3%         N/A       95%         5
 Borgnjor's Vile Clutch   Necr/Erth      0%         N/A       99%         5
 Death Channel            Necr           0%         N/A       100%        6
 Summon Hydra             Summ           0%         N/A       100%        7


Dungeon Overview and Level Annotations

Branches:
Dungeon (10/15)            Temple (1/1) D:4            Lair (0/6) D:9
    Orc: D:9-12

Shops:
D:4 [(**(

Annotations:
D:4 3 runed translucent doors, happo123's ghost, amateur TrWr


Innate Abilities, Weirdness & Mutations

You have an increased reservoir of magic. (+10% MP)
You shall have no god before yourself.
Your divine heritage dramatically boosts your attributes as you level up.


Message History

The vampire hits you.
The vampire bites you but does no damage.
You slash the vampire!
The vampire convulses.
The vampire is heavily damaged.
The vampire mumbles some strange words.
The vampire flickers and vanishes!
Deactivating autopickup; reactivate with Ctrl-A.
You hit something. Something draws life force from you!
You hit something but do no damage. Something hits you!
Something bites you but does no damage. Something hits you but does no damage.
Something barely misses you.
You closely miss something. Something hits you but does no damage.
Something bites you.
Something draws strength from your injuries!
You slash something! Something hits you! Something bites you!
* * * LOW HITPOINT WARNING * * *
Something draws strength from your injuries!
You slash something! Something hits you!
* * * LOW HITPOINT WARNING * * *
Something bites you!
* * * LOW HITPOINT WARNING * * *
Something draws strength from your injuries!
Something barely misses you. Something bites you.
* * * LOW HITPOINT WARNING * * *
Something draws strength from your injuries!
You feel much better. Something hits you. Something bites you.
Something draws strength from your injuries!
You feel yourself speed up. Something draws life force from you!
* * * LOW HITPOINT WARNING * * *
You feel much better.
You hit something. Something hits you. Something bites you but does no damage.
You miss something. Something draws life force from you!
You hit something but do no damage. Something hits you!
* * * LOW HITPOINT WARNING * * *
Something bites you but does no damage.
You closely miss something. Something draws life force from you!
* * * LOW HITPOINT WARNING * * *
You hit something. You miss something. Something draws life force from you!
You die...

#.## ... #..###...
#.......#
#.......#
#.......#
#........
#{.$.....
##########@.......
..........###+###.
######..........
#.#.####.#. #.#.#
########## #.#..
#........# #.###.
#.######.# #.# .
#.# #.# #.#
#.####...


There were no monsters in sight!

Vanquished Creatures
  A two-headed ogre (D:9)
  3 trolls
  Prince Ribbit (D:5)
  A yak (D:9)
  3 wyverns
  2 wraiths
  A basilisk (D:9)
  A steam dragon (D:7)
  A water moccasin (D:6)
  An acid dragon (D:9)
  2 orc warriors
  2 black bears
  2 ice beasts
  2 sky beasts
  A centaur (D:8)
  2 phantoms
  2 kobold brigands
  3 bullfrogs
  3 necrophages
  A gnoll sergeant (D:5)
  6 scorpions
  2 wights
  6 howler monkeys
  4 hounds
  6 jellies
  2 orc priests
  A gnoll shaman (D:5)
  6 iguanas
  4 orc wizards
  17 gnolls
  7 adders
  A shadow imp (D:6)
  A white imp (D:8)
  3 worms
  3 dart slugs
  25 orcs
  9 ball pythons
  7 bats
  8 endoplasms
  3 giant cockroaches
  6 goblins
  5 hobgoblins
  16 kobolds
  3 quokkas
  10 frilled lizards
  9 rats
  A spectral orc (D:9)
206 creatures vanquished.

Notes
Turn   | Place    | Note
-------+----------+-------------------------------------------
     0 | D:1      | avis the Demigod Hunter began the quest for the Orb.
     0 | D:1      | Reached XP level 1. HP: 17/17 MP: 3/3
    27 | D:1      | Reached skill level 1 in Stealth
    58 | D:1      | Reached skill level 4 in Bows
    66 | D:1      | Reached XP level 2. HP: 24/24 MP: 4/4
   428 | D:1      | Reached XP level 3. HP: 25/29 MP: 5/5
  1445 | D:2      | Reached skill level 5 in Bows
  1445 | D:2      | Reached XP level 4. HP: 32/36 MP: 6/6
  2792 | D:4      | Found Qumoosu's Assorted Antiques.
  2800 | D:4      | Bought a pair of gloves for 76 gold pieces
  2871 | D:4      | Reached XP level 5. HP: 41/41 MP: 7/7
  2878 | D:4      | Found Etrosir's Assorted Antiques.
  2887 | D:4      | Found Hitekeju's Weapon Boutique.
  2974 | D:4      | Noticed a black bear
  2982 | D:4      | Killed a black bear
  2983 | D:4      | Reached skill level 6 in Bows
  3047 | D:4      | Reached XP level 6. HP: 41/48 MP: 8/8
  3060 | D:4      | Found a staircase to the Ecumenical Temple.
  3067 | D:4      | Found Ganop's Antique Weapon Emporium.
  3087 | Temple   | Entered the Ecumenical Temple
  3245 | Temple   | Learned a level 2 spell: Wereblood
  3264 | D:4      | Found a runed translucent gate.
  3264 | D:4      | Found a runed translucent gate.
  3264 | D:4      | Found a runed translucent gate.
  3265 | D:4      | Noticed happo123's ghost (amateur TrWr)
  3351 | D:4      | Reached skill level 1 in Transmutations
  4145 | D:4      | Found Weint's Armour Shop.
  4321 | D:5      | Entered Level 5 of the Dungeon
  4376 | D:4      | Reached skill level 7 in Bows
  4379 | D:4      | Reached XP level 7. HP: 45/55 MP: 9/9
  4661 | D:5      | Reached skill level 1 in Spellcasting
  4915 | D:5      | Reached skill level 8 in Bows
  5104 | D:5      | Learned a level 3 spell: Swiftness
  5142 | D:5      | Upgraded the game from 0.29-a0-582-ge82337ba6a to
                  | 0.29-a0-598-gd8304a5bf4
  5199 | D:5      | Reached XP level 8. HP: 60/63 MP: 12/12
  5228 | D:5      | Noticed Prince Ribbit
  5248 | D:5      | Killed Prince Ribbit
  5264 | D:5      | Reached skill level 9 in Bows
  5695 | D:6      | Reached skill level 1 in Air Magic
  7061 | D:6      | Reached skill level 10 in Bows
  7276 | D:7      | HP: 3/63 [steam dragon/ball of steam (7)]
  7588 | D:6      | Reached XP level 9. HP: 68/69 MP: 13/13
  8272 | D:7      | Reached skill level 11 in Bows
  8611 | D:4      | Bought a purple potion for 15 gold pieces
  8611 | D:4      | Bought a scroll of identify for 34 gold pieces
  8634 | D:4      | Bought 3 scrolls of identify for 180 gold pieces
  8658 | D:4      | Bought a potion of heal wounds for 85 gold pieces
  9785 | D:9      | Noticed a two-headed ogre
  9786 | D:9      | Reached skill level 5 in Fighting
 10013 | D:9      | Found a staircase to the Lair.
 10093 | D:9      | Reached skill level 12 in Bows
 10099 | D:9      | Killed a two-headed ogre
 10100 | D:9      | Reached XP level 10. HP: 16/81 MP: 14/14
 11130 | D:10     | Entered Level 10 of the Dungeon
 11369 | D:10     | Reached skill level 1 in Evocations
 11584 | D:10     | Reached skill level 13 in Bows
 11612 | D:10     | Killed from afar by a vampire

Illustrated notes

Levels and vault maps discovered:
D:1:      saegor_arrival_simple_a, layout_rooms,
          hellmonk_ecumenical_altar_heavens_door, minmay_lizard_pond
D:2:      layout_loops_corners, minivault_5, chequers_serial_rivers_micro_e
D:3:      layout_loops_ring
D:4:      layout_gridville, temple_fountains, gammafunk_ghost_nasty_kobolds,
          serial_shops, nicolae_shop_advertising_works
          [nicolae_subvault_shop_adworks], kennysheep_mini_moat, shop, shop,
          nicolae_shop_behind_doors, chequers_serial_rivers_micro_a,
          minivault_14, chequers_jeans, nicolae_zen_rock_garden
D:5:      layout_gridville, minmay_overflow_temple_hex, kennysheep_small_square,
          uniq_prince_ribbit1
D:6:      layout_gridville, nicolae_ru_awakened_eye, minmay_strange_pillars,
          kennysheep_generic_room_2
D:7:      layout_cave_pools, mainiacjoe_overflow_small_starburst,
          minmay_fractal_squares_diagonal_5
D:8:      layout_gridville, minmay_between
D:9:      layout_cave_pools, yredelemnul_forgotten_temple_becter,
          david_lair_generic, hangedman_abyss_or_decor_lesser_grid, minivault_26
D:10:     layout_basic, bloody_makhleb, zombieorc2_lemuel, uniq_josephine,
          uniq_grum
Temple:   minmay_temple_forest_path

Skill      XL: |  1  2  3  4  5  6  7  8  9 10 |
---------------+-------------------------------+-----
Stealth        | 1 2 3 |  3.0
Bows           | 4 5 6 7 8 10 12 13 | 13.0
Fighting       | 2 3 5 |  5.0
Dodging        | 2 3 |  3.0
Transmutations | 1 2 |  2.0
Spellcasting   | 1 |  1.0
Air Magic      | 3 |  3.0
Evocations     | 1 |  1.4

Action                   |  1- 3 |  4- 6 |  7- 9 | 10-12 || total
-------------------------+-------+-------+-------+-------++-------
Melee: Short sword       |       |       |    46 |       ||    46
       Punch             |       |       |     3 |       ||     3
       Flail             |       |       |    41 |    19 ||    60
       Falchion          |       |       |       |    16 ||    16
 Fire: Shortbow          |   102 |   138 |   361 |    57 ||   658
Throw: Dart              |       |     2 |     1 |       ||     3
 Cast: Wereblood         |       |       |     1 |       ||     1
  Use: Scroll            |       |    12 |    10 |       ||    22
       Potion            |       |       |     4 |     3 ||     7
 Stab: Sleeping          |       |       |     1 |       ||     1
Armor: Leather armour    |     3 |    14 |    42 |       ||    59
       Steam dragon scal |       |       |    45 |    24 ||    69
Dodge: Dodged            |    23 |    38 |   158 |    25 ||   244

Table legend: (Time is in decaauts)
 A = Elapsed time spent in this place.
 B = Non-inter-level travel time spent in this place.
 C = Inter-level travel time spent in this place.
 D = Time resting spent in this place.
 E = Time spent auto-exploring this place.
 F = Levels seen in this place.
 G = Mean time per level.
                   A        B        C        D        E       F      G
               +--------+--------+--------+--------+--------+-----+--------+
         Total |  11739 |  10500 |   1239 |   3460 |   4807 |  11 | 1067.2 |
       Dungeon |  11555 |  10317 |   1238 |   3315 |   4807 |  10 | 1155.5 |
        Temple |    183 |    182 |      1 |    145 |      0 |   1 |  183.0 |
               +--------+--------+--------+--------+--------+-----+--------+

Top non-repeatable levels by time:
     D:4: 1850 daAuts
     D:6: 1736 daAuts
     D:5: 1444 daAuts
     D:8: 1440 daAuts
     D:2: 1120 daAuts
     D:7: 1016 daAuts
     D:9: 878 daAuts
     D:3: 833 daAuts
     D:1: 772 daAuts
    D:10: 462 daAuts
  Temple: 183 daAuts
